 Dungeon Crawl Stone Soup version 0.25-a0-435-g4b9beb1024 (webtiles) character file.

Game seed: 5451198698067212287, levelgen mode: deterministic

99 Nattfarinn the Caller (level 4, -5/51 HPs)
             Began as a Barachi Summoner on Jan 29, 2020.
             Killed by nerve-wracking pain
             ... invoked by Grinder
              (11 damage)
             ... while paralysed by Grinder
             ... on level 3 of the Dungeon.
             The game lasted 00:08:14 (3572 turns).

Nattfarinn the Caller (Barachi Summoner)            Turns: 3572, Time: 00:08:14

Health: -5/51      AC:  3    Str: 14    XL:     4   Next: 72%
Magic:  1/7        EV:  2    Int: 16    God:
Gold:   137        SH:  0    Dex: 13    Spells: 2/8 levels left

rFire    . . .     SeeInvis .   p - +0 short sword
rCold    . . .     Gourm    .   (no shield)
rNeg     . . .     Faith    .   h - +0 leather armour
rPois    .         Spirit   .   (no helmet)
rElec    .         Reflect  .   (no cloak)
rCorr    .         Harm     .   (no gloves)
MR       .....                  (no boots)
Stlth    ..........             (no amulet)
HPRegen  0.17/turn              (no ring)
MPRegen  0.10/turn              (no ring)

@: paralysed, berserking, slow
A: +LOS, swims, slowness 1, strong legs 1
a: Hop


You were on level 3 of the Dungeon.
You were hungry.

You visited 1 branch of the dungeon, and saw 3 of its levels.

You collected 137 gold pieces.

Inventory:

Hand Weapons
 d - a +0 club
 p - a +0 short sword (weapon)
Armour
 a - a +0 robe
 h - a +0 leather armour (worn)
Wands
 l - a wand of clouds (2)
Scrolls
 f - 2 scrolls of fog {unknown}
 g - a scroll of teleportation {unknown}
 j - a scroll of amnesia {unknown}
 k - 2 scrolls of identify {unknown}
 m - a scroll of magic mapping {unknown}
 n - a scroll of enchant weapon {unknown}
 o - a scroll of immolation {unknown}
Potions
 b - a potion of cancellation
 q - a potion of lignification {unknown}
Comestibles
 c - 6 rations


   Skills:
 * Level 2.4 Fighting
 * Level 2.2 Armour
 + Level 2.7 Dodging
 - Level 1.7 Stealth
 + Level 2.6 Spellcasting
 * Level 5.4 Summonings


You had 2 spell levels left.
You knew the following spells:

 Your Spells              Type           Power        Failure   Level  Hunger
a - Summon Small Mammal   Summ           ###.         2%          1    #......
b - Call Imp              Summ           ###.....     3%          2    ##.....
c - Call Canine Familiar  Summ           ###.....     8%          3    ###....

Your spell library contained the following spells:

 Spells                   Type           Power        Failure   Level  Hunger
 Summon Guardian Golem    Hex/Summ       ##......     24%         3    ###....
 Summon Ice Beast         Ice/Summ       ##......     61%         4    #####..
 Summon Lightning Spire   Summ/Air       ##......     61%         4    #####..


Dungeon Overview and Level Annotations

Branches:
Dungeon (3/15)

Altars:
Elyvilon
Nemelex Xobeh
Uskayaw

Annotations:
D:3 Grinder


Innate Abilities, Weirdness & Mutations

You can be seen from farther away. (+LOS)
You can swim through water.
You cover ground slowly.
You can hop short distances.


Message History

Grinder closely misses you.
Your crimson imp hits Grinder but does no damage.
It was a potion of berserk rage.
A red film seems to cover your vision as you go berserk!
You feel yourself moving faster!
You feel mighty!
Grinder zaps a wand.
The puff of flame hits you!
Your crimson imp hits Grinder.
You hit Grinder.
Grinder is severely wounded.
Your crimson imp blinks!
Grinder gestures at you.
You suddenly lose the ability to move!
Your crimson imp closely misses Grinder.
Grinder hits you!
* * * LOW HITPOINT WARNING * * *
You writhe in agony.
* * * LOW HITPOINT WARNING * * *
Your crimson imp hits Grinder but does no damage.
Grinder gestures at you. Pain shoots through your body!
You die...

#.##.###.)###.#####.
#.##.....[..........
#
#...............####
##### #
#######...#.#.#.# #
...# # #####....☼#
#.###<#### ####○...☼#
#.#....... #.....5)☼#
#.#.#.####
#.##○..5.######.....#
#
#.##○°○@.........#.##
#.##°#######.####.##
#.##.# #.# #.##.# #.#
#.##.# #)# #.##.# #.#
#.##.# #.# #.##..
#.###### #.# #.......


You could see Grinder and a friendly crimson imp.

Vanquished Creatures
  An ooze (D:2)
  A worm (D:2)
  An orc (D:2)
  4 bats
  A giant cockroach (D:1)
  3 goblins (D:1)
  5 hobgoblins
  3 jackals (D:3)
  A frilled lizard (D:2)
  A kobold (D:1)
  3 rats
24 creatures vanquished.

Vanquished Creatures (collateral kills)
  An orc wizard (D:3)
  2 gnolls
  3 adders
  A worm (D:2)
  2 leopard geckos (D:1)
  4 orcs (D:3)
  3 giant cockroaches
  3 goblins
  4 hobgoblins
  2 bats (D:1)
  2 frilled lizards (D:1)
  A kobold (D:1)
28 creatures vanquished.

Grand Total: 52 creatures vanquished

Notes
Turn   | Place    | Note
-------+----------+-------------------------------------------
     0 | D:1      | Nattfarinn the Barachi Summoner began the quest for the
                  | Orb.
     0 | D:1      | Reached XP level 1. HP: 13/13 MP: 3/3
   378 | D:1      | Reached XP level 2. HP: 20/20 MP: 3/5
   391 | D:1      | Reached skill level 1 in Armour
   395 | D:1      | Learned a level 2 spell: Call Imp
   536 | D:1      | Reached skill level 5 in Summonings
   559 | D:1      | Reached skill level 1 in Fighting
  1258 | D:1      | Reached XP level 3. HP: 22/26 MP: 6/6
  1482 | D:2      | Learned a level 3 spell: Call Canine Familiar
  1554 | D:2      | Found a hide-covered altar of Uskayaw.
  1557 | D:2      | Noticed a +0 dagger
  1557 | D:2      | Noticed a +0 hand axe
  1608 | D:2      | Found a white marble altar of Elyvilon.
  1872 | D:2      | Found a sparkling altar of Nemelex Xobeh.
  2457 | D:3      | Reached XP level 4. HP: 33/33 MP: 2/7
  3164 | D:3      | Noticed a phantom
  3167 | D:3      | Noticed Grinder
  3570 | D:3      | Paralysed by Grinder for 3 turns
  3572 | D:3      | Killed from afar by Grinder

Levels and vault maps discovered:
D:1:      onia_arrival_mini_spirals, layout_basic, minmay_close_crescents
D:2:      layout_loops_ring, elyvilon_altar_1, dancing_weapons_uskayaw,
          nemelex_dance_club_becter
D:3:      layout_loops_ring, grunt_dithmenos_smoke_and_mirrors, uniq_grinder

Skill      XL: |  1  2  3 |
---------------+----------+-----
Armour         | 1 2 |  2.2
Summonings     | 5 |  5.4
Fighting       | 1 2 |  2.4
Dodging        | |  2.7
Stealth        | |  1.7
Spellcasting   | |  2.6

Action                   |  1- 3 |  4- 6 || total
-------------------------+-------+-------++-------
Melee: Club              |    74 |       ||    74
       Unarmed           |     5 |       ||     5
       Short sword       |    38 |    60 ||    98
 Cast: Summon Small Mamm |     4 |       ||     4
       Call Imp          |     8 |     7 ||    15
       Call Canine Famil |     5 |     6 ||    11
 Abil: Hop               |       |     1 ||     1
Evoke: Wand              |       |     3 ||     3
  Use: Potion            |       |     4 ||     4
 Stab: Sleeping          |     3 |       ||     3
  Eat: Chunk             |     4 |     3 ||     7
       Ration            |     1 |       ||     1
Armor: Robe              |    24 |       ||    24
       Leather armour    |     7 |    12 ||    19
Dodge: Dodged            |    70 |    46 ||   116

Table legend:
 A = Non-vault XP
 B = Vault XP
 C = Vault XP percentage of total XP
 D = Non-vault monster count
 E = Vault monster count
 F = Vault count percentage of total count
                 A         B        C        D         E       F
            +---------+---------+-------+---------+---------+-------
      Total |     129 |      13 |   9.2 |      47 |       5 |   9.6
            +---------+---------+-------+---------+---------+-------
        D:1 |      31 |       3 |   8.8 |      21 |       3 |  12.5
        D:2 |      38 |      10 |  20.8 |      10 |       2 |  16.7
        D:3 |      60 |       0 |   0.0 |      16 |       0 |   0.0
            +---------+---------+-------+---------+---------+-------
